 Dungeon Sprint DCSS version 0.20.1-1-g8b1a95d (webtiles) character file.

800000 Danqa the Intangible (level 11, -35/49 HPs)
             Began as a Spriggan Warper on Oct 7, 2017.
             Annihilated by a meat berserker
             ... wielding a +9 battleaxe
              (84 damage)
             ... in the Dungeon (Sprint VIII: "Arena of Blood").
             The game lasted 00:00:47 (8 turns).

Danqa the Intangible (Spriggan Warper)                 Turns: 8, Time: 00:00:48

Health: -35/49     AC:  2    Str:  7    XL:     11   Next: 71%
Magic:  5/37       EV: 40    Int: 16    God:
Gold:   0          SH:  0    Dex: 18    Spells: 52/52 levels left

rFire    . . .     SeeInvis +   l - +∞ Axe of Woe
rCold    . . .     Gourm    .   (shield currently unavailable)
rNeg     . . .     Faith    .   b - +0 robe
rPois    .         Spirit   .   (helmet restricted)
rElec    .         Reflect  .   (no cloak)
rCorr    .         Harm     .   (gloves unavailable)
MR       +....     NoTele   +   (boots unavailable)
Stlth    ++........             (no amulet)
Regen    0.2/turn               (no ring)
MPRegen  0.3/turn               (no ring)

@: very quick
A: unfitting armour, see invisible, herbivore 3, speed 3, slow metabolism 2
a: no special abilities


You were in the Dungeon.
You were not hungry.

You visited 1 branch

Inventory:

Hand Weapons
 a - a +0 hand axe
 l - the +∞ Axe of Woe (weapon)
   (You found it in the Dungeon)
Missiles
 e - 5 tomahawks of dispersal (quivered)
Armour
 b - a +0 robe (worn)
Scrolls
 d - 2 scrolls of blinking
Potions
 g - a potion of curing
 h - a potion of heal wounds
 i - a potion of haste
 j - 2 potions of magic
 k - a potion of berserk rage
Books
 c - a book of Spatial Translocations

   Spells                             Type                      Level
   a - Blink                          Translocation                2
   b - Shroud of Golubria             Charms/Translocation         2
   c - Lesser Beckoning               Translocation                3
   d - Gell's Gravitas                Translocation                3
   e - Teleport Other                 Translocation                3
   f - Passage of Golubria            Translocation                4
Comestibles
 f - a bread ration


   Skills:
 - Level 1.5 Fighting
 - Level 1.5 Axes
 - Level 1.0 Throwing
 O Level 27 Dodging
 + Level 21.4 Spellcasting
   Level 4.4 Translocations


You had 52 spell levels left.
You didn't know any spells.

Dungeon Overview and Level Annotations

Branches:
Dungeon (1/1)

Altars:
Makhleb


Innate Abilities, Weirdness & Mutations

You are very small and have problems with some larger weapons.
You are too small for most types of armour.
You have supernaturally acute eyesight. (SInv)
You are a herbivore.
You cover ground extremely quickly.
You need consume almost no food.


Message History

You have reached level 6!
Your experience leads to an increase in your attributes!
Increase (S)trength, (I)ntelligence, or (D)exterity?
You feel agile.
You have reached level 7!
You have reached level 8!
You have reached level 9!
Your experience leads to an increase in your attributes!
Increase (S)trength, (I)ntelligence, or (D)exterity?
You feel agile.
You have reached level 10!
You feel clever.
You have reached level 11!
You hear a shout! x14 2 orcs come into view.
You hear a shout! x12
You hear a shout! x10
The meat berserker hits you with a +9 battleaxe!!!!
Ouch! That really hurt!
You die...

.. .. #. ..# #..
..# .###..
..###.
......###o.....
....._.....
#.....# #_)@O_#
#.....#
...o.._........
......###...o...
.###.. ..###..
#.. ..# . #. ..#
.. ... ....


You could see a meat berserker (berserk) and 3 bags of meat.

Vanquished Creatures
  An orc (D)
1 creature vanquished.

Notes
Turn   | Place    | Note
-------+----------+-------------------------------------------
     0 | D        | Danqa the Spriggan Warper began the quest for the Orb.
     0 | D        | Reached XP level 1. HP: 10/10 MP: 5/5
     3 | D        | Noticed a bag of meat
     5 | D        | Noticed a bag of meat
     5 | D        | Noticed a bag of meat
     5 | D        | Noticed a meat berserker
     6 | D        | Killed a bag of meat
     6 | D        | Reached skill level 27 in Dodging
     6 | D        | Reached XP level 2. HP: 14/14 MP: 5/25
     6 | D        | Reached XP level 3. HP: 18/18 MP: 5/26
     6 | D        | Reached XP level 4. HP: 22/22 MP: 5/28
     6 | D        | Reached XP level 5. HP: 25/25 MP: 5/29
     6 | D        | Reached XP level 6. HP: 30/30 MP: 5/31
     6 | D        | Reached XP level 7. HP: 33/33 MP: 5/32
     6 | D        | Reached XP level 8. HP: 37/37 MP: 5/34
     6 | D        | Reached XP level 9. HP: 41/41 MP: 5/35
     6 | D        | Reached XP level 10. HP: 46/46 MP: 5/36
     6 | D        | Reached XP level 11. HP: 49/49 MP: 5/37
     7 | D        | Noticed a bag of meat
     7 | D        | Noticed a bag of meat
     8 | D        | Annihilated by a meat berserker

Skill      XL: |  1 |
---------------+----+-----
Dodging        | 27 | 27.0
Spellcasting   | 21 | 21.4
Fighting       | |  1.5
Axes           | |  1.5
Throwing       | |  1.0
Translocations | |  4.4

Action                   |  1- 3 |  4- 6 |  7- 9 | 10-12 || total
-------------------------+-------+-------+-------+-------++-------
Melee: Broad axe         |     1 |       |       |       ||     1
